Workbook
Name Accionistas: Anexo!$A$246:$I$258
Name acrescim: #REF!
Name Activo: #REF!
Name Activos_Biologicos_1: Anexo!$A$168:$M$183
Name Activos_Biologicos_2: Anexo!$A$186:$I$192
Name Activos_Biologicos_4: Anexo!$A$195:$I$202
Name Activos_Detidos_para_Negociação_2: Anexo!$A$465:$I$471
Name Activos_Financeiros_Detidos_para_Negociação: Anexo!$A$454:$E$463
Name Activos_fixos_tangíveis__NCRF_7: Anexo!$A$40:$M$61
Name Activos_fixos_tangiveis_2010: Anexo!$A$65:$M$86
Name Activos_Intangiveis_1: Anexo!$A$122:$M$154
Name Activos_Intangiveis_2: Anexo!$A$158:$I$164
Name adiclient: #REF!
Name ANCDV: Anexo!$A$475:$E$485
Name Aumento_e_Redução_de_Justo_Valor: Anexo!$A$756:$M$764
Name balanco: #REF!
Name Balanço: Balanço!$B$1:$G$81
Name Caixa_e_Bancos: Anexo!$A$490:$E$498
Name capital: #REF!
Name Capital_Social: Anexo!$A$502:$E$504
Name CC: [1]Aux!$E$5
Name client: #REF!
Name Clientes: Anexo!$A$355:$I$365
Name Clientes_2: Anexo!$A$388:$E$395
Name Clientes_4: Anexo!$A$368:$I$376
Name Clientes_5: Anexo!$A$379:$K$384
Name Compromisso: Anexo!$A$855:$G$861
Name corporeo: #REF!
Name Custo_das_Vendas: Anexo!$A$696:$M$704
Name DACP_1: #REF!
Name DACP_2: #REF!
Name Demonstração: #REF!
Name Demonstração_dos_Fluxo_de_Caixa: #REF!
Name Demonstração_dos_Resultados: DR!$B$2:$G$51
Name descsocio: #REF!
Name Diferimentos: Anexo!$A$438:$E$449
Name diponob: #REF!
Name dr: #REF!
Name emcurso: #REF!
Name empbancar: #REF!
Name Estado: Anexo!$A$399:$E$412
Name existen: #REF!
Name extraordi: #REF!
Name financeiros: #REF!
Name Financiamentos_1: Anexo!$A$548:$I$567
Name Financiamentos_2: Anexo!$A$570:$E$579
Name fonrinal: #REF!
Name fornec: #REF!
Name Fornecedores: Anexo!$A$620:$E$627
Name Fornecedores_2: Anexo!$A$630:$I$638
Name Fornecedores_3: Anexo!$A$641:$K$646
Name FSE: Anexo!$A$709:$E$723
Name Ganhos_e_Perdas_de_Investimentos_Financeiros: Anexo!$A$674:$M$680
Name Gastos_Reversões_de_Depreciações_e_Amortizações: Anexo!$A$798:$M$805
Name Imparidade_de_Investi_não_Depreciaveis: Anexo!$A$742:$M$752
Name Imparidade_de_Investimentos_Depreciaveis: Anexo!$A$809:$M$815
Name impostos: #REF!
Name Impostos_Diferidos_1: Anexo!$A$276:$M$293
Name Impostos_Diferidos_2: Anexo!$A$296:$M$313
Name Impostos_Diferidos_3: Anexo!$A$317:$M$327

Sheet Indice
B3: Designação da Empresa:
B5: Ano de relato: | C5: 2014
B6: Ano do comparativo: | C6: =+C5-1 -> 2013
B8: Data de elaboração das DF´s: | C8: 16 de Março de 2015
H10: Controlo:
H11: =+C5 -> 2014 | I11: =+C6 -> 2013
B12: Indice: | C12: Balanço | H12: =+Balanço!E36-Balanço!E75 -> 0 | I12: =+Balanço!G36-Balanço!G75 -> 0
C13: Demonstração dos Resultados | H13: =+Balanço!E50-DR!E37 -> 0 | I13: =+Balanço!G50-DR!G37 -> 0
C14: Demonstração dos Fluxos de Caixa
C15: Demonstração Individual das Alterações no Capital Próprio | H15: =+Balanço!E52-#REF! -> #REF! | I15: =+Balanço!G52-#REF! -> #REF!
C16: Anexo (adaptar em função da entidade)
C17: Nota 3 - Reconciliação do capital próprio
C18: Nota 4 - Activos fixos tangíveis | H18: =Balanço!E12-Anexo!M76+Anexo!M85 -> 0 | I18: =+Balanço!G12-Anexo!M51+Anexo!M60 -> -2591.25
B19: NA | C19: Nota 5 - Propriedades de investimento | H19: =+Balanço!E13-Anexo!M106 -> 0 | I19: =+Balanço!G13-Anexo!M86 -> 0
B20: NA | C20: Nota 6 - Activos intangíveis | H20: =+Balanço!E14-Anexo!M146 -> 0 | I20: =+Balanço!G14-Anexo!M129 -> 0
B21: NA | C21: Nota 7 - Activos Biológicos | H21: =+Balanço!E24-Anexo!M182 -> 0 | I21: =+Balanço!G24-Anexo!M174 -> 0
B22: NA | C22: Nota 8 e 9 - Participações financeiras | H22: =+Balanço!E16-Anexo!AE222 -> -540000 | I22: =+Balanço!G16-Anexo!AE213 -> -540000
C23: Nota 10 - Accionistas e Sócios | H23: =+Balanço!E18+Balanço!E28-Anexo!C252-Anexo!E252 -> 0 | I23: =+Balanço!G18+Balanço!G28-Anexo!G252-Anexo!I252 -> 0
C24: Nota 11 - Outros activos financeiros | H24: =+Balanço!E19+Balanço!E32-Anexo!C271 -> 0 | I24: =+Balanço!G19+Balanço!G32-Anexo!E271 -> 0
C25: Nota 12 - Activos e passivos por impostos diferidos | H25: =+Balanço!E20+Balanço!E59-Anexo!M305-Anexo!M312 -> 0 | I25: =+Balanço!G20+Balanço!G59-Anexo!M285-Anexo!M292 -> 0
C26: Nota 13 - Inventários | H26: =+Balanço!E23-Anexo!C340 -> 0 | I26: =+Balanço!G23-Anexo!E340 -> 0
C27: Nota 14 - Clientes | H27: =+Balanço!E25-Anexo!C364-Anexo!E364 -> 0 | I27: =+Balanço!G25-Anexo!G364-Anexo!I364 -> 0
C28: Nota 16 - Estado e outros entes públicos | H28: =+Balanço!E27+Balanço!E65-Anexo!C404-Anexo!C411 -> 0 | I28: =+Balanço!G27+Balanço!G65-Anexo!E404-Anexo!E411 -> 0
C29: Nota 17 - Outras contas a receber | H29: =+Balanço!E29-Anexo!C423-Anexo!E423 -> 0 | I29: =+Balanço!G29-Anexo!G423-Anexo!I423 -> -980
C30: Nota 18 - Diferimentos | H30: =+Balanço!E30+Balanço!E69-Anexo!C444-Anexo!C448 -> 0 | I30: =+Balanço!G30+Balanço!G69-Anexo!E444-Anexo!E448 -> 0
C31: Nota 19 - Activos e passivos financeiros disponíveis para negociação | H31: =+Balanço!E31-Anexo!C460 -> 0 | I31: =+Balanço!G70-Anexo!E460 -> 0
C32: Nota 21 - Activos e passivo não correntes detidos para venda | H32: =+Balanço!E33-Anexo!C482 -> 0 | I32: =+Balanço!G33-Anexo!E482 -> 0
C33: Nota 22 - Caixa e depósitos bancários | H33: =+Balanço!E34-Anexo!C497 -> 0 | I33: =+Balanço!G34-Anexo!E497 -> 0
C34: Nota 23 - Identificação das pessoas colectivas com mais de 20% do capital
C35: Nota 27 - Exedentes de revalorizção | H35: =+Balanço!E48-Anexo!C527 -> 0
C36: Nota 28 - Outras variações nos capitais próprios | H36: =+Balanço!E49-Anexo!I516 -> 0
C37: Nota 29 - Provisões | H37: =+Balanço!E56-Anexo!C540 -> 0 | I37: =+Balanço!G56-Anexo!E540 -> 0
C38: Nota 30 - Financiamentos obtidos e locações | H38: =+Balanço!E57+Balanço!E67-Anexo!C559-Anexo!E559 -> 0 | I38: =+Balanço!G57+Balanço!G67-Anexo!G559-Anexo!I559 -> 581.32
C39: Nota 31 - Outras contas a pagar | H39: =+Balanço!E60+Balanço!E68-Anexo!C615-Anexo!E615 -> 0 | I39: =+Balanço!G60+Balanço!G68-Anexo!G615-Anexo!I615 -> 0
C40: Nota 32 - Fornecedores | H40: =+Balanço!E63-Anexo!C626 -> 0 | I40: =+Balanço!G63-Anexo!E626 -> 0
C41: Nota 35 - Vendas e prestação de serviços | H41: =+DR!E11+DR!#REF!-Anexo!G658 -> #REF! | I41: =+DR!G11+DR!#REF!-Anexo!M658 -> #REF!
C42: Nota 36 - Subsídios | H42: =+DR!E12-Anexo!C669 -> 0 | I42: =+DR!G12-Anexo!E669 -> 0
C43: Nota 37 - Ganhos e perdas decorrentes dos investimentos financeiros | H43: =+DR!E13-Anexo!G679 -> 0 | I43: =+DR!G13-Anexo!M679 -> 0
C44: Nota 38 - Variação da produção | H44: =+DR!E14-Anexo!G691 -> 0 | I44: =+DR!G14-Anexo!M691 -> 0
C45: Nota 40 - Custo das vendas | H45: =+DR!E16-Anexo!G704 -> 0 | I45: =+DR!G16-Anexo!M704 -> 0
C46: Nota 41 - Fornecimentos e serviços externos | H46: =+DR!E17-Anexo!C720 -> -4562.8 | I46: =+DR!G17-Anexo!E720 -> -6039.4
C47: Nota 42 - Gastos com o pessoal | H47: =+DR!E18-Anexo!C737 -> -39983.34 | I47: =+DR!G18-Anexo!E737 -> -40472.92
C48: Nota 43 - Imparidade de investimentos não depreciáveis/amortizáveis (perdas/reversões) | H48: =+DR!E22-Anexo!G751 -> 0 | I48: =+DR!G22-Anexo!M751 -> 0
C49: Nota 44 - Aumento/redução de justo valor | H49: =+DR!E23-Anexo!G763 -> 0 | I49: =+DR!G23-Anexo!M763 -> 0
C50: Nota 45 - Outros rendimentos e ganhos | H50: =+DR!E24-Anexo!C778 -> 0 | I50: =+DR!G24-Anexo!E778 -> 0
C51: Nota 46 - Outros gastos e perdas | H51: =+DR!E25-Anexo!C793 -> -1340.46 | I51: =+DR!G25-Anexo!E793 -> -1292.14
C52: Nota 47 - Gastos/reversões de depreciação e de amortização | H52: =+DR!E28-Anexo!G804 -> 0 | I52: =+DR!G28-Anexo!M804 -> 0
C53: Nota 48 - Imparidade de investimentos depreciáveis/amortizáveis (perdas/reversões) | H53: =+DR!E29-Anexo!G814 -> 0 | I53: =+DR!G29-Anexo!M814 -> 0
C54: Nota 49 - Resultados financeiros | H54: =+DR!E32+DR!E33-Anexo!C824-Anexo!C829 -> 0 | I54: =+DR!G32+DR!G33-Anexo!E824-Anexo!E829 -> 0
C55: Nota 50 - Divulgações de partes relacionadas
C58: Nota : As notas que não estão no indíce são apenas qualitativas e para as quais não existem quadros

Sheet Balanço
B2: =+Indice!C3 -> 0
B4: =+"Balanço Individual em 31 de Dezembro de "&Indice!C5&" " -> Balanço Individual em 31 de Dezembro de 2014
B6: (Valores expressos em euros)
C8: Notas | E8: =+"31.Dez."&RIGHT(Indice!$C$5,2) -> 31.Dez.14 | G8: =+"31.Dez."&RIGHT(Indice!$C$6,2) -> 31.Dez.13
B10: Activo
B12: Activos fixos tangíveis | C12: 4 | E12: 0 | G12: 0
B13: Propriedades de investimento | C13: 5 | E13: =+[2]Balanço!F14 -> 0 | G13: =+[2]Balanço!H14 -> 0
B14: Activos intangíveis | C14: 6 | E14: =+[2]Balanço!F15 -> 0 | G14: =+[2]Balanço!H15 -> 0
B15: Activos biológicos | C15: 7 | E15: =+[2]Balanço!F16 -> 0 | G15: =+[2]Balanço!H16 -> 0
B16: Participações financeiras - método eq. patrimonial | C16: 8 | E16: =+[2]Balanço!F17 -> 0 | G16: =+[2]Balanço!H17 -> 0
B17: Participações financeiras - outros métodos | C17: 4 | E17: =+[2]Balanço!F18 -> 0 | G17: =+[2]Balanço!H18 -> 0
B18: Accionistas / sócios | C18: 10 | E18: =+[2]Balanço!F19 -> 0 | G18: =+[2]Balanço!H19 -> 0
B19: Outros activos financeiros | C19: 11 | E19: =+[2]Balanço!F20 -> 0 | G19: =+[2]Balanço!H20 -> 0
B20: Activos por impostos diferidos | C20: 12 | E20: =+[2]Balanço!F21 -> 0 | G20: =+[2]Balanço!H21 -> 0
B21: Total dos Activos Não Correntes | E21: =+SUM(E12:E20) -> 0 | G21: =+SUM(G12:G20) -> 0
B23: Inventários | C23: 4 | E23: 247752.57 | G23: 247752.57
B24: Activos biológicos | C24: 7 | E24: =+[2]Balanço!F27 -> 0 | G24: 0
B25: Clientes | C25: 5 | E25: 12068.04 | G25: 11651.48
B26: Adiantamentos a fornecedores | C26: 6 | E26: 0 | G26: 0
B27: Estado e outros entes públicos | C27: 6 | E27: 3351.69 | G27: 1881.03
B28: Accionistas / sócios | C28: 10 | E28: =+[2]Balanço!F31 -> 0 | G28: 0
B29: Outras contas a receber | C29: 9 | E29: 0 | G29: 0
B30: Diferimentos | C30: 7 | E30: 113.56 | G30: 93.86
B31: Activos financeiros detidos para negociação | C31: 10 | E31: =+[2]Balanço!F34 -> 0 | G31: 0
B32: Outros activos financeiros | C32: 20 | E32: =+[2]Balanço!F35 -> 0 | G32: 0
B33: Activos não correntes detidos para venda | C33: 21 | E33: =+[2]Balanço!F36 -> 0 | G33: 0
B34: Caixa e depósitos bancários | C34: 8 | E34: 101756.03 | G34: 100000
B35: Total dos Activos Correntes | E35: =+SUM(E23:E34) -> 365041.89 | G35: =+SUM(G23:G34) -> 361378.94
E36: =+E35+E21 -> 365041.89 | G36: =+G35+G21 -> 361378.94
B38: Capitais Próprios
B40: Capital realizado | C40: 9 | E40: 5237.38 | G40: 5237.38
B41: Acções (quotas) próprias | E41: 0 | G41: 0
B42: Outros instrumentos de capital próprio | C42: 24 | E42: 0 | G42: 0
B43: Prémios de emissão | E43: 0 | G43: 0
B44: Reservas legais | C44: 10 | E44: 2500 | G44: 2500
B45: Outras reservas | C45: 11 | E45: 26379.82 | G45: 26379.82
B46: Resultados transitados | C46: 12 | E46: 91931.66 | G46: 96919.56
B47: Ajustamentos em activos financeiros | E47: =+[2]Balanço!F53 -> 0 | G47: =+[2]Balanço!H53 -> 0
B48: Excedentes de revalorização | C48: 27 | E48: =+[2]Balanço!F54 -> 0 | G48: =+[2]Balanço!H54 -> 0
B49: Outras variações no capital próprio | C49: 28 | E49: =+[2]Balanço!F55 -> 0 | G49: =+[2]Balanço!H55 -> 0
B50: Resultado líquido do exercício | E50: =+DR!E37 -> 116.2 | G50: =+DR!G37 -> -4987.9
B51: Interesses minoritários | E51: =+[2]Balanço!F57 -> 0 | G51: =+[2]Balanço!H57
B52: Total dos Capitais Próprios | E52: =+SUM(E40:E51) -> 126165.06 | G52: =+SUM(G40:G51) -> 126048.86
B54: Passivo
B56: Provisões | C56: 29 | E56: =+[2]Balanço!F62 -> 0 | G56: =+[2]Balanço!H62 -> 0
B57: Financiamentos obtidos | C57: 13 | E57: 234541.07 | G57: 230886
B58: Responsabilidades por benefícios pós-emprego | E58: =+[2]Balanço!F64 -> 0 | G58: =+[2]Balanço!H64 -> 0
B59: Passivos por impostos diferidos | C59: 12 | E59: =+[2]Balanço!F65 -> 0 | G59: =+[2]Balanço!H65 -> 0
B60: Outras contas a pagar | C60: 31 | E60: =+[2]Balanço!F66 -> 0 | G60: =+[2]Balanço!H66 -> 0
B61: Total dos Passivos Não Correntes | E61: =+SUM(E56:E60) -> 234541.07 | G61: =+SUM(G56:G60) -> 230886
B63: Fornecedores | C63: 14 | E63: 123 | G63: 123
B64: Adiantamento de clientes | C64: 15 | E64: 0 | G64: 0
B65: Estado e outros entes públicos | C65: 6 | E65: 1077.13 | G65: 1079.13
B66: Accionistas / sócios | C66: 18 | E66: 0 | G66: 0
B67: Financiamentos obtidos | C67: 13 | E67: 0 | G67: 581.32
B68: Outras contas a pagar | C68: 15 | E68: 3135.63 | G68: 2660.63
B69: Diferimentos | C69: 9 | E69: =+[2]Balanço!F75 -> 0 | G69: =+[2]Balanço!H75 -> 0
B70: Passivos financeiros detidos para negociação | E70: =+[2]Balanço!F76 -> 0 | G70: =+[2]Balanço!H76 -> 0
B71: Passivos não correntes detidos para venda | E71: =+[2]Balanço!F77 -> 0 | G71: =+[2]Balanço!H77 -> 0
B72: Outros passivos financeiros | C72: 34 | E72: =+[2]Balanço!F78 -> 0 | G72: =+[2]Balanço!H78 -> 0
B73: Total dos Passivos Correntes | E73: =+SUM(E63:E72) -> 4335.76 | G73: =+SUM(G63:G72) -> 4444.08
B74: Total do Passivo | E74: =+E73+E61 -> 238876.83 | G74: =+G73+G61 -> 235330.08
E75: =+E74+E52 -> 365041.89 | G75: =+G74+G52 -> 361378.94 | K75: =+E75-E36 -> 0 | M75: =+G75-G36 -> 0
B77: Para ser lido com as notas anexas às demonstrações financeiras
B78: =+"Almada, "&Indice!C8 -> Almada, 16 de Março de 2015
B81: O TÉCNICO OFICIAL DE CONTAS | D81: A GERÊNCIA
B84: Para ser lido com as notas anexas às demonstrações financeiras

Sheet DR
B4: Demonstração dos Resultados Individuais
B5: =+"Exercício findo em 31 de Dezembro de "&Indice!C5&" " -> Exercício findo em 31 de Dezembro de 2014
B7: (Valores expressos em euros)
C9: Notas | E9: =+Balanço!E8 -> 31.Dez.14 | G9: =+Balanço!G8 -> 31.Dez.13
B11: Vendas e serviços prestados | C11: 16 | E11: 432 | G11: 200 | I11: + | K11: =+E11+E24+E32 -> 23083.3
B12: Subsídios à exploração | C12: 36 | E12: 0 | G12: 0 | I12: +
B13: Ganhos/perdas imputados de subsidiárias, associadas e empreendimentos conjuntos | C13: 37 | E13: 0 | G13: 0 | I13: +/-
B14: Variação nos inventários da produção | C14: 19 | E14: 0 | G14: 0 | I14: +/-
B15: Trabalhos para a própria entidade | E15: 0 | G15: 0 | I15: +
B16: Custo das mercadorias vendidas e das matérias consumidas | C16: 17 | E16: 0 | G16: 0 | I16: -
B17: Fornecimentos e serviços externos | C17: 17 | E17: -2281.4 | G17: -3019.7 | I17: -
B18: Gastos com o pessoal | C18: 18 | E18: -19991.67 | G18: -20236.46 | I18: -
B19: Imparidade de inventários (perdas/reversões) | E19: 0 | G19: 0 | I19: -/+
B20: Imparidade de dívidas a receber (perdas/reversões) | E20: 0 | G20: 0 | I20: -/+
B21: Provisões (aumentos/reduções) | E21: 0 | G21: 0 | I21: -/+
B22: Imparidade de investimentos não depreciáveis/amortizáveis (perdas/reversões) | E22: 0 | G22: 0 | I22: -/+
B23: Aumentos/reduções de justo valor | E23: 0 | G23: 0 | I23: +/-
B24: Outros rendimentos e ganhos | C24: 19 | E24: 20319.36 | G24: 17415.72 | I24: +
B25: Outros gastos e perdas | C25: 20 | E25: -670.23 | G25: -646.07 | I25: -
B26: Resultado antes de depreciações, gastos de financiamento e impostos | E26: =+SUM(E11:E25) -> -2191.94 | G26: =+SUM(G11:G25) -> -6286.51 | I26: =
B28: Gastos/reversões de depreciação e de amortização | E28: 0 | G28: 0 | I28: -/+
B29: Imparidade de investimentos depreciáveis/amortizáveis (perdas/reversões) | C29: 48 | E29: =+[2]Resultados!G33 -> 0 | G29: =+[2]Resultados!J33 -> 0 | I29: -/+
B30: Resultado operacional (antes de gastos de financiamento e impostos) | E30: =+E26+E28+E29 -> -2191.94 | G30: =+G26+G28+G29 -> -6286.51 | I30: =
B32: Juros e rendimentos similares obtidos | C32: 21 | E32: 2331.94 | G32: 1298.61 | I32: +
B33: Juros e gastos similares suportados | E33: 0 | G33: 0 | I33: -
B34: Resultado antes de impostos | E34: =+E30+E32+E33 -> 140 | G34: =+G30+G32+G33 -> -4987.9 | I34: =
B36: Imposto sobre o rendimento do período | C36: 6 | E36: =-'Calculo IRC'!D33 -> -23.8 | G36: 0 | I36: -/+
B37: Resultado líquido do período | E37: =+E34+E36 -> 116.2 | G37: =+G34+G36 -> -4987.9 | I37: =
B40: Resultado líquido do período atribuível a: (1)
B41: Detentores do capital da empresa-mãe
B42: Interesses minoritários
B44: Resultado por acção básico | E44: =+E41+E43 -> 0 | G44: =+G41+G43 -> 0
B47: (1) Esta informação apenas será fornecida no caso das contas consolidadas
B48: Para ser lido com as notas anexas às demonstrações financeiras
B49: =+Balanço!B78 -> Almada, 16 de Março de 2015
B51: O TÉCNICO OFICIAL DE CONTAS | C51: A GERÊNCIA

Sheet Anexo
A1: Nota 3 - Reconciliação do capital próprio
A3: Reconciliação do Capital Próprio | C3: 40178 | E3: 39814
A5: Capital próprio POC | C5: =+#REF! -> #REF! | E5: =+#REF! -> #REF!
A7: 1. Despesas de instalação e constituição | C7: 0 | E7: 0
A8: 2. Despesas de campanhas publicitárias | C8: 0 | E8: 0
A9: 3. Impostos diferidos | C9: 0 | E9: 0
A10: 4. (…) | C10: 0 | E10: 0
A12: Capital Próprio NCRF | C12: =+SUM(C5:C11) -> #REF! | E12: =+SUM(E5:E11) -> #REF!
A14: Reconciliação do Resultado
A16: Resultado liquido POC | C16: =+Balanço!G50 -> -4987.9
A18: 1. Despesas de instalação e constituição | C18: 0
A19: 2. Despesas de campanhas publicitárias | C19: 0
A20: 3. Impostos diferidos | C20: 0
A21: 4. (…) | C21: 0
A22: Resultado líquido NCRF | C22: =+SUM(C14:C20) -> -4987.9
C28: Anos de vida útil
A30: Edifícios e outras construções | C30: 5 - 20
A31: Equipamento básico | C31: 4 - 8
A32: Equipamento de transporte | C32: 3 - 7
A33: Ferramentas e utensílios | C33: 3 - 7
A34: Equipamento administrativo | C34: 2 - 10
A35: Outros activos fixos tangíveis | C35: 1 - 4
A38: Nota 4 - Activos fixos tangíveis
C40: =+"31 de Dezembro de "&Indice!C6 -> 31 de Dezembro de 2013
C41: =+"Saldo em 01-Jan-"&RIGHT(Indice!C6,2) -> Saldo em 01-Jan-13 | E41: Aquisições / Dotações | G41: Abates | I41: Transferências | K41: Revalorizações | M41: =+"Saldo em 31-Dez-"&RIGHT(Indice!C6,2) -> Saldo em 31-Dez-13
A43: Custo:
A44: Edifícios e outras construções | C44: 0 | E44: 0 | G44: 0 | I44: 0 | K44: 0 | M44: =+SUM(C44:K44) -> 0
A45: Equipamento básico | C45: 0 | E45: 0 | G45: 0 | I45: 0 | K45: 0 | M45: =+SUM(C45:K45) -> 0
A46: Equipamento de transporte | C46: 10365 | E46: 0 | G46: 0 | I46: 0 | K46: 0 | M46: =+SUM(C46:K46) -> 10365
A47: Equipamento biológico | C47: 0 | E47: 0 | G47: 0 | I47: 0 | K47: 0 | M47: =+SUM(C47:K47) -> 0
A48: Equipamento administrativo | C48: 248.9 | E48: 0 | G48: 0 | I48: 0 | K48: 0 | M48: =+SUM(C48:K48) -> 248.9
A49: Outros activos fixos tangíveis | C49: 0 | E49: 0 | G49: 0 | I49: 0 | K49: 0 | M49: =+SUM(C49:K49) -> 0
A50: Investimentos em curso | C50: 0 | E50: 0 | G50: 0 | I50: 0 | K50: 0 | M50: =+SUM(C50:K50) -> 0
C51: =SUM(C44:C50) -> 10613.9 | E51: =SUM(E44:E50) -> 0 | G51: =SUM(G44:G50) -> 0 | I51: =SUM(I44:I50) -> 0 | K51: =SUM(K44:K50) -> 0 | M51: =SUM(M44:M50) -> 10613.9
A53: Depreciações acumuladas
A54: Edifícios e outras construções | C54: 0 | E54: 0 | G54: 0 | I54: 0 | K54: 0 | M54: =+SUM(C54:K54) -> 0
A55: Equipamento básico | C55: 0 | E55: 0 | G55: 0 | I55: 0 | K55: 0 | M55: =+SUM(C55:K55) -> 0
A56: Equipamento de transporte | C56: 5182.5 | E56: 2591.25 | G56: 0 | I56: 0 | K56: 0 | M56: =+SUM(C56:K56) -> 7773.75
A57: Equipamento biológico | C57: 0 | E57: 0 | G57: 0 | I57: 0 | K57: 0 | M57: =+SUM(C57:K57) -> 0
A58: Equipamento administrativo | C58: 248.9 | E58: 0 | G58: 0 | I58: 0 | K58: 0 | M58: =+SUM(C58:K58) -> 248.9
A59: Outros activos fixos tangíveis | C59: 0 | E59: 0 | G59: 0 | I59: 0 | K59: 0 | M59: =+SUM(C59:K59) -> 0
C60: =SUM(C53:C59) -> 5431.4 | E60: =SUM(E53:E59) -> 2591.25 | G60: =SUM(G53:G59) -> 0 | I60: =SUM(I53:I59) -> 0 | K60: =SUM(K53:K59) -> 0 | M60: =SUM(M53:M59) -> 8022.65
C65: =+"31 de Dezembro de "&Indice!C5 -> 31 de Dezembro de 2014
C66: =+"Saldo em 01-Jan-"&RIGHT(Indice!C5,2) -> Saldo em 01-Jan-14 | E66: Aquisições / Dotações | G66: Abates | I66: Transferências | K66: Revalorizações | M66: =+"Saldo em 31-Dez-"&RIGHT(Indice!C5,2) -> Saldo em 31-Dez-14
A68: Custo:
A69: Edifícios e outras construções | C69: =+M44 -> 0 | E69: 0 | G69: 0 | I69: 0 | K69: 0 | M69: =+SUM(C69:K69) -> 0
A70: Equipamento básico | C70: =+M45 -> 0 | E70: 0 | G70: 0 | I70: 0 | K70: 0 | M70: =+SUM(C70:K70) -> 0
A71: Equipamento de transporte | C71: =+M46 -> 10365 | E71: 0 | G71: 0 | I71: 0 | K71: 0 | M71: =+SUM(C71:K71) -> 10365
A72: Equipamento biológico | C72: =+M47 -> 0 | E72: 0 | G72: 0 | I72: 0 | K72: 0 | M72: =+SUM(C72:K72) -> 0
A73: Equipamento administrativo | C73: =+M48 -> 248.9 | E73: 0 | G73: 0 | I73: 0 | K73: 0 | M73: =+SUM(C73:K73) -> 248.9
A74: Outros activos fixos tangíveis | C74: =+M49 -> 0 | E74: 0 | G74: 0 | I74: 0 | K74: 0 | M74: =+SUM(C74:K74) -> 0
A75: Investimentos em curso | C75: =+M50 -> 0 | E75: 0 | G75: 0 | I75: 0 | K75: 0 | M75: =+SUM(C75:K75) -> 0
C76: =SUM(C69:C75) -> 10613.9 | E76: =SUM(E69:E75) -> 0 | G76: =SUM(G69:G75) -> 0 | I76: =SUM(I69:I75) -> 0 | K76: =SUM(K69:K75) -> 0 | M76: =SUM(M69:M75) -> 10613.9
A78: Depreciações acumuladas
A79: Edifícios e outras construções | C79: =+M54 -> 0 | E79: 0 | G79: 0 | I79: 0 | K79: 0 | M79: =+SUM(C79:K79) -> 0
A80: Equipamento básico | C80: =+M55 -> 0 | E80: 0 | G80: 0 | I80: 0 | K80: 0 | M80: =+SUM(C80:K80) -> 0
A81: Equipamento de transporte | C81: =+M56 -> 7773.75 | E81: 2591.25 | G81: 0 | I81: 0 | K81: 0 | M81: =+SUM(C81:K81) -> 10365
A82: Equipamento biológico | C82: =+M57 -> 0 | E82: 0 | G82: 0 | I82: 0 | K82: 0 | M82: =+SUM(C82:K82) -> 0
A83: Equipamento administrativo | C83: =+M58 -> 248.9 | E83: 0 | G83: 0 | I83: 0 | K83: 0 | M83: =+SUM(C83:K83) -> 248.9
A84: Outros activos fixos tangíveis | C84: =+M59 -> 0 | E84: 0 | G84: 0 | I84: 0 | K84: 0 | M84: =+SUM(C84:K84) -> 0
C85: =SUM(C78:C84) -> 8022.65 | E85: =SUM(E78:E84) -> 2591.25 | G85: =SUM(G78:G84) -> 0 | I85: =SUM(I78:I84) -> 0 | K85: =SUM(K78:K84) -> 0 | M85: =SUM(M78:M84) -> 10613.9
A89: Nota 5 - Propriedades de investimento
C91: =+C40 -> 31 de Dezembro de 2013
C92: =+C41 -> Saldo em 01-Jan-13 | E92: Aquisições | G92: Alienações | I92: Transferências | K92: Variação do justo valor | M92: =+M41 -> Saldo em 31-Dez-13
A94: Propriedade investimento - A | C94: 0 | E94: 0 | G94: 0 | I94: 0 | K94: 0 | M94: =+SUM(C94:K94) -> 0
A95: Propriedade investimento - B | C95: 0 | E95: 0 | G95: 0 | I95: 0 | K95: 0 | M95: =+SUM(C95:K95) -> 0
A96: Propriedade investimento - C | C96: 0 | E96: 0 | G96: 0 | I96: 0 | K96: 0 | M96: =+SUM(C96:K96) -> 0
C97: =SUM(C94:C96) -> 0 | E97: =SUM(E94:E96) -> 0 | G97: =SUM(G94:G96) -> 0 | I97: =SUM(I94:I96) -> 0 | K97: =SUM(K94:K96) -> 0 | M97: =SUM(M94:M96) -> 0
C100: =+C65 -> 31 de Dezembro de 2014
C101: =+C66 -> Saldo em 01-Jan-14 | E101: Aquisições | G101: Alienações | I101: Transferências | K101: Variação do justo valor | M101: =+M66 -> Saldo em 31-Dez-14
A103: Propriedade investimento - A | C103: 0 | E103: 0 | G103: 0 | I103: 0 | K103: 0 | M103: =+SUM(C103:K103) -> 0
A104: Propriedade investimento - B | C104: 0 | E104: 0 | G104: 0 | I104: 0 | K104: 0 | M104: =+SUM(C104:K104) -> 0
A105: Propriedade investimento - C | C105: 0 | E105: 0 | G105: 0 | I105: 0 | K105: 0 | M105: =+SUM(C105:K105) -> 0
C106: =SUM(C103:C105) -> 0 | E106: =SUM(E103:E105) -> 0 | G106: =SUM(G103:G105) -> 0 | I106: =SUM(I103:I105) -> 0 | K106: =SUM(K103:K105) -> 0 | M106: =SUM(M103:M105) -> 0
C111: Custo de aquisição | E111: Variação justo valor acumulado | G111: Variação justo valor exercício | I111: =+M66 -> Saldo em 31-Dez-14
A113: Propriedade investimento - A | C113: 0 | E113: 0 | G113: 0 | I113: =+C113+E113+G113 -> 0
A114: Propriedade investimento - B | C114: 0 | E114: 0 | G114: 0 | I114: =+C114+E114+G114 -> 0
A115: Propriedade investimento - C | C115: 0 | E115: 0 | G115: 0 | I115: =+C115+E115+G115 -> 0
C116: =SUM(C113:C115) -> 0 | E116: =SUM(E113:E115) -> 0 | G116: =SUM(G113:G115) -> 0 | I116: =SUM(I113:I115) -> 0
A120: Nota 6 - Activos intangíveis
C122: =+C40 -> 31 de Dezembro de 2013
C123: =+C41 -> Saldo em 01-Jan-13 | E123: Aquisições / Dotações | G123: Abates | I123: Transferências | K123: Perdas por imparidade | M123: =+M41 -> Saldo em 31-Dez-13
A124: Custo
A125: Projectos de desenvolvimento (i) | C125: 0 | E125: 0 | G125: 0 | I125: 0 | K125: 0 | M125: =SUM(C125:K125) -> 0
A126: Software | C126: 0 | E126: 0 | G126: 0 | I126: 0 | K126: 0 | M126: =SUM(C126:K126) -> 0
A127: Propriedade industrial | C127: 0 | E127: 0 | G127: 0 | I127: 0 | K127: 0 | M127: =SUM(C127:K127) -> 0
A128: Outras activos intangíveis | C128: 0 | E128: 0 | G128: 0 | I128: 0 | K128: 0 | M128: =SUM(C128:K128) -> 0
C129: =SUM(C125:C128) -> 0 | E129: =SUM(E125:E128) -> 0 | G129: =SUM(G125:G128) -> 0 | I129: =SUM(I125:I128) -> 0 | K129: =SUM(K125:K128) -> 0 | M129: =SUM(M125:M128) -> 0
A131: Depreciações Acumuladas
A132: Projectos de desenvolvimento (i) | C132: 0 | E132: 0 | G132: 0 | I132: 0 | K132: 0 | M132: =SUM(C132:K132) -> 0
A133: Software | C133: 0 | E133: 0 | G133: 0 | I133: 0 | K133: 0 | M133: =SUM(C133:K133) -> 0
A134: Propriedade industrial | C134: 0 | E134: 0 | G134: 0 | I134: 0 | K134: 0 | M134: =SUM(C134:K134) -> 0
A135: Outras activos intangíveis | C135: 0 | E135: 0 | G135: 0 | I135: 0 | K135: 0 | M135: =SUM(C135:K135) -> 0
C136: =SUM(C132:C135) -> 0 | E136: =SUM(E132:E135) -> 0 | G136: =SUM(G132:G135) -> 0 | I136: =SUM(I132:I135) -> 0 | K136: =SUM(K132:K135) -> 0 | M136: =SUM(M132:M135) -> 0
C139: =+C65 -> 31 de Dezembro de 2014
C140: =+C66 -> Saldo em 01-Jan-14 | E140: Aquisições / Dotações | G140: Abates | I140: Transferências | K140: Perdas por imparidade | M140: =+M66 -> Saldo em 31-Dez-14
A141: Custo
A142: Projectos de desenvolvimento (i) | C142: 0 | E142: 0 | G142: 0 | I142: 0 | K142: 0 | M142: =SUM(C142:K142) -> 0
A143: Software | C143: 0 | E143: 0 | G143: 0 | I143: 0 | K143: 0 | M143: =SUM(C143:K143) -> 0
A144: Propriedade industrial | C144: 0 | E144: 0 | G144: 0 | I144: 0 | K144: 0 | M144: =SUM(C144:K144) -> 0
...

Sheet Calculo IRC
B6: IRC - calculo
B7: Resultado contabilistico | D7: =+DR!E34 -> 140
B8: Resultados anos anteriores | D8: 0
B9: IRC | D9: 0
B10: Juros mora | D10: 0
B11: Quotizações + 50% | D11: 0
B12: Excesso estimativa impostos | D12: 0
B13: Juros compensatórios | D13: 0
B19: Resultado Fiscal I | D19: =SUM(D7:D18) -> 140
B21: Prejuizos fiscais de:
B22: =+"Ano de "&+[3]Folha2!$B$22-3 -> Ano de 2007
B23: =+"Ano de "&+[3]Folha2!$B$22-2 -> Ano de 2008
B24: =+"Ano de "&+[3]Folha2!$B$22-1 -> Ano de 2009
B25: =+"Ano de "&+[3]Folha2!$B$22-0 -> Ano de 2010 | D25: 0
B27: Resultado Fiscal II | D27: =SUM(D19:D25) -> 140
B29: IRC | C29: 0.17 | D29: =IF(D19>0,IF(D27>15000,15000*C29,+D27*C29),0) -> 23.8
B30: IRC - Resultado acima de 15 000 euros | C30: 0.23 | D30: =IF(D27<15000,0,+(+D27-15000)*C30) -> 0
B31: Derrama | C31: 0 | D31: =IF(D19>0,+D19*C31,0)*0 -> 0
B32: Tributação autónoma | D32: =+'Cálculo TA'!G64 -> 0
D33: =SUM(D29:D32) -> 23.8
B35: Pagamentos por conta:
B36: Pag conta | D36: 0
B37: Retenções na fonte | D37: 820.49
B38: PEC do ano de 2010 | D38: 0
B39: PEC do ano de 2011 | D39: 0
B40: PEC do ano de 2012 | D40: 239.62
B41: PEC do ano de 2013 | D41: 1000
B42: PEC do ano de 2014 | D42: 1000
B43: Total PEC | D43: =SUM(D38:D42) -> 2239.62
B45: IRC a pagar (recuperar) | D45: =IF(D43>(+D29+D30),+D31+D32-D36-D37,+D33-D43-D36-D37) -> -820.49

Sheet Cálculo TA
A1: Cálculo da tributação autónoma de IRC - 2011
C4: Entidade apresenta prejuízos fiscais no exercício? | D4: Sim
A6: Base de Incidência | D6: Taxa | E6: Taxa agravada (1) | F6: Encargos suportados | G6: Tributação autónoma | H6: Legislação Aplicável
A8: 1. | B8: Despesas não documentadas, efectuadas por:
B10: a) | C10: Sujeitos passivos que exerçam a título principal actividades de natureza comercial, industrial ou agrícola e sujeitos não isentos (total ou parcialmente) | D10: 0.5 | E10: =+D10+10% -> 0.6 | F10: 0 | G10: =+IF($D$4="sim",F10*E10,F10*D10) -> 0 | H10: CIRC - 88º, n.º 1
B11: b) | C11: Sujeitos passivos total ou parcialmente isentos, ou que não exerçam a título principal, actividades de natureza comercial, industrial ou agrícola | D11: 0.7 | E11: =+D11+10% -> 0.8 | F11: 0 | G11: =+IF($D$4="sim",F11*E11,F11*D11) -> 0 | H11: CIRC - 88º, n.º 2
A13: 2. | B13: Encargos dedutíveis e não dedutíveis
B15: a) | C15: Encargos com viaturas
C16: i) Se valor de aquisição do veículo inferior aos limites da Portaria 467/2010 (2):
C17: - Conservação e reparação | D17: 0.1 | E17: =+D17+10% -> 0.2 | F17: 0 | G17: =+IF($D$4="sim",F17*E17,F17*D17) -> 0 | H17: CIRC - 88º, n.º 3 e Portaria n.º 467/2010
C18: - Combustíveis | D18: 0.1 | E18: =+D18+10% -> 0.2 | F18: 0 | G18: =+IF($D$4="sim",F18*E18,F18*D18) -> 0
C19: - Rendas ou alugueres | D19: 0.1 | E19: =+D19+10% -> 0.2 | F19: 0 | G19: =+IF($D$4="sim",F19*E19,F19*D19) -> 0
C20: - Seguros | D20: 0.1 | E20: =+D20+10% -> 0.2 | F20: 0 | G20: =+IF($D$4="sim",F20*E20,F20*D20) -> 0
C21: - Imposto único sobre circulação | D21: 0.1 | E21: =+D21+10% -> 0.2 | F21: 0 | G21: =+IF($D$4="sim",F21*E21,F21*D21) -> 0
C22: - Portagens e estacionamento | D22: 0.1 | E22: =+D22+10% -> 0.2 | F22: 0 | G22: =+IF($D$4="sim",F22*E22,F22*D22) -> 0
C23: - Outros encargos com viaturas | D23: 0.1 | E23: =+D23+10% -> 0.2 | F23: 0 | G23: =+IF($D$4="sim",F23*E23,F23*D23) -> 0
C24: - Depreciações | D24: 0.1 | E24: =+D24+10% -> 0.2 | F24: 0 | G24: =+IF($D$4="sim",F24*E24,F24*D24) -> 0
C26: ii) Se valor de aquisição do veículo for superior aos limites da Portaria 467/2010 (2):
C27: - Conservação e reparação | D27: 0.2 | E27: =+D27+10% -> 0.3 | F27: 0 | G27: =+IF($D$4="sim",F27*E27,F27*D27) -> 0 | H27: CIRC - 88º, n.º 4 e Portaria n.º 467/2010
C28: - Combustíveis | D28: 0.2 | E28: =+D28+10% -> 0.3 | F28: 0 | G28: =+IF($D$4="sim",F28*E28,F28*D28) -> 0
C29: - Rendas ou alugueres | D29: 0.2 | E29: =+D29+10% -> 0.3 | F29: 0 | G29: =+IF($D$4="sim",F29*E29,F29*D29) -> 0
C30: - Seguros | D30: 0.2 | E30: =+D30+10% -> 0.3 | F30: 0 | G30: =+IF($D$4="sim",F30*E30,F30*D30) -> 0
C31: - Imposto único sobre circulação | D31: 0.2 | E31: =+D31+10% -> 0.3 | F31: 0 | G31: =+IF($D$4="sim",F31*E31,F31*D31) -> 0
C32: - Portagens e estacionamento | D32: 0.2 | E32: =+D32+10% -> 0.3 | F32: 0 | G32: =+IF($D$4="sim",F32*E32,F32*D32) -> 0
C33: - Outros encargos com viaturas | D33: 0.2 | E33: =+D33+10% -> 0.3 | F33: 0 | G33: =+IF($D$4="sim",F33*E33,F33*D33) -> 0
C34: - Depreciações | D34: 0.2 | E34: =+D34+10% -> 0.3 | F34: 0 | G34: =+IF($D$4="sim",F34*E34,F34*D34) -> 0
B36: b) | C36: Despesas de representação
C38: i) Refeições | D38: 0.1 | E38: =+D38+10% -> 0.2 | F38: 0 | G38: =+IF($D$4="sim",F38*E38,F38*D38) -> 0 | H38: CIRC - 88º, n.º 7
C39: ii) Viagens | D39: 0.1 | E39: =+D39+10% -> 0.2 | F39: 0 | G39: =+IF($D$4="sim",F39*E39,F39*D39) -> 0
C40: iii) Recepções | D40: 0.1 | E40: =+D40+10% -> 0.2 | F40: 0 | G40: =+IF($D$4="sim",F40*E40,F40*D40) -> 0
C41: iv) Passeios | D41: 0.1 | E41: =+D41+10% -> 0.2 | F41: 0 | G41: =+IF($D$4="sim",F41*E41,F41*D41) -> 0
C42: v) Espectáculos | D42: 0.1 | E42: =+D42+10% -> 0.2 | F42: 0 | G42: =+IF($D$4="sim",F42*E42,F42*D42) -> 0
C43: vi) Outras despesas de representação | D43: 0.1 | E43: =+D43+10% -> 0.2 | F43: 0 | G43: =+IF($D$4="sim",F43*E43,F43*D43) -> 0
B45: c) | C45: Ajudas de custo e compensação pela deslocação em viatura própria do trabalhador ao serviço da empresa, não facturados a clientes
C47: i) Ajudas de custo dedutíveis | D47: 0.05 | E47: =+D47+10% -> 0.15 | F47: 0 | G47: =+IF($D$4="sim",F47*E47,F47*D47) -> 0 | H47: CIRC - 88º, n.º 9
C48: ii) Km's pagos aos trabalhadores dedutíveis | D48: 0.05 | E48: =+D48+10% -> 0.15 | F48: 0 | G48: =+IF($D$4="sim",F48*E48,F48*D48) -> 0
C49: iii) Ajudas de custo não dedutíveis, cujas entidades apresentem prejuízos fiscais no período a que respeitam | D49: 0.05 | E49: =+D49+10% -> 0.15 | F49: 0 | G49: =+IF($D$4="sim",F49*E49,F49*D49) -> 0
C50: iv) Km's não dedutíveis, cujas entidades apresentem prejuízos fiscais no período a que respeitam | D50: 0.05 | E50: =+D50+10% -> 0.15 | F50: 0 | G50: =+IF($D$4="sim",F50*E50,F50*D50) -> 0
A52: 3. | B52: Despesas pagas ou devidas a pessoas singulares ou colectivas residentes fora do território português e submetidas a regime fiscal claramente mais favorável (3), se a empresa não puder provar que correspondem a operações efectivamente realizadas e não têm um carácter anormal ou montante exagerado:
B53: a) | C53: Por sujeitos passivos que exerçam a título principal actividades de natureza comercial, industrial ou agrícola e sujeitos não isentos (total ou parcialmente) | D53: 0.35 | E53: =+D53+10% -> 0.45 | F53: 0 | G53: =+IF($D$4="sim",F53*E53,F53*D53) -> 0 | H53: CIRC - 88.º, n.º 8
B54: b) | C54: Por Sujeitos Passivos total ou parcialmente isentos, ou que não exerçam, a título principal, actividades de natureza comercial, industrial ou agrícola | D54: 0.55 | E54: =+D54+10% -> 0.65 | F54: 0 | G54: =+IF($D$4="sim",F54*E54,F54*D54) -> 0
A56: 4. | B56: Lucros distribuídos a sujeitos passivos que beneficiem de isenção total ou parcial, incluindo rendimentos de capitais, quando as participações sociais a que respeitam os lucros não tenham permanecido na titularidade do mesmo, de modo ininterrupto, durante o ano anterior à sua colocação à disposição e não venham a ser mantidas durante o tempo necessário para completar esse período | D56: 0.2 | E56: =+D56+10% -> 0.3 | F56: 0 | G56: =+IF($D$4="sim",F56*E56,F56*D56) -> 0 | H56: CIRC - 88.º, n.º 11
A58: 5. | B58: Indemnizações ou outras compensações pagas a orgãos de gestão não relacionadas com a concretização de objectivos definidos previamente na relação contratual, quando se verifica a cessação de funções, bem como os gastos que excedem o valor das remunerações que seriam auferidas pelo exercício daqueles cargos até ao final do contrato, quando se trate de rescisão de um contrato antes do termo | D58: 0.35 | E58: =+D58+10% -> 0.45 | F58: 0 | G58: =+IF($D$4="sim",F58*E58,F58*D58) -> 0 | H58: CIRC - 88.º, n.º 13
A60: 6. | B60: Bónus e outras remunerações variáveis pagas aos orgãos de gestão quando estas representem > 25% da remuneração anual e sejam superiores a 27.500 euros, excepto se o pagamento estiver subordinado ao diferimento de uma parte superior a 50% por um período mínimo de 3 anos e condicionado ao desempenho positivo da sociedade ao longo desse período | D60: 0.35 | E60: =+D60+10% -> 0.45 | F60: 0 | G60: =+IF($D$4="sim",F60*E60,F60*D60) -> 0 | H60: CIRC - 88.º, n.º 13
A62: 7. | B62: Incumprimento das condições de majoração de encargos com realizações de utilidade social (art. 40.º, n.º 2 do CIRC) no exercício e nos dois exercícios anteriores | D62: 0.4 | E62: 0.4 | F62: 0 | G62: =+IF($D$4="sim",F62*E62,F62*D62) -> 0 | H62: EBF - 18.º, n.º 2, b)
A64: Total de tributação autónomas | G64: =SUM(G8:G62) -> 0
A67: (1) Tendo por base o disposto no n.º 14 do artigo 88.º do CIRC se forem apurados prejuízos fiscais no exercício a que respeitam as TA a taxa é elevada em 10%
A69: (2) Os limites definidos na Portaria n.º 467/2010 são:
C70: 2009 > 29.927,87 euros
C71: 2010 > 40.000 euros
C72: 2011 > 30.000 euros
C73: 2012 > 25.000 euros
C74: 2011 > 45.000 euros, se movidos exclusivamente a energia eléctrica
C75: 2012 > 50.000 euros, se movidos exclusivamente a energia eléctrica
A77: (3) Portaria n.º 292/2011, de 8 de Novembro.
